 Dungeon Crawl Stone Soup version 0.29.0-15-g675c0067aa (webtiles) character file.

Game seed: 15290481770892931879

156 runemasterragnar the Ruffian (level 5, -10/42 HPs)
             Began as a Draconian Transmuter on Sept 12, 2022.
             Killed by divine providence
             ... invoked by an orc priest
              (13 damage)
             ... on level 3 of the Dungeon.
             The game lasted 00:04:07 (3260 turns).

runemasterragnar the Ruffian (Draconian Transmuter) Turns: 3260, Time: 00:04:08

Health: -10/42     AC:  5    Str: 12    XL:     5   Next: 15%
Magic:  9/9        EV: 12    Int: 16    God:
Gold:   124        SH:  0    Dex: 11    Spells: 6/9 levels left

rFire   . . .      SeeInvis .     - Unarmed
rCold   . . .      Faith    .   (no shield)
rNeg    . . .      Spirit   .   (body armour unavailable)
rPois   .          Reflect  .   (helmet restricted)
rElec   .          Harm     .   (no cloak)
rCorr   .          Rampage  .   (no gloves)
Will    .....                   (no boots)
Stlth   +.........              (no amulet)
HPRegen 0.14/turn               (no ring)
MPRegen 0.11/turn               (no ring)

@: mighty
A: AC +5, unfitting armour, cold-blooded
a: no special abilities


You were on level 3 of the Dungeon.
You visited 1 branch of the dungeon, and saw 3 of its levels.

You collected 124 gold pieces.

Inventory:

Jewellery
 a - a +4 ring of evasion
 o - an amulet of reflection
Wands
 k - a wand of quicksilver (1)
 n - a wand of iceblast (5)
Scrolls
 b - a scroll of immolation {unknown}
 c - a scroll of identify {unknown}
 d - 3 scrolls of poison {unknown}
 e - a scroll of enchant armour {unknown}
 g - a scroll of torment {unknown}
 h - a scroll of enchant weapon {unknown}
 i - a scroll of teleportation {unknown}
 l - a scroll of noise {unknown}
 m - 2 scrolls of amnesia {unknown}


   Skills:
 + Level 2.5 Fighting
 + Level 2.5 Dodging
 + Level 3.7 Unarmed Combat
 + Level 2.8 Spellcasting
 + Level 3.0 Transmutations


You had 6 spell levels left.
You knew the following spells:

 Your Spells              Type           Power      Damage    Failure   Level
a - Beastly Appendage     Tmut           22%        N/A       5%          1
b - Wereblood             Tmut           11%        N/A       9%          2

Your spell library contained the following spells:

 Spells                   Type           Power      Damage    Failure   Level
 Slow                     Hex            8%         N/A       19%         1
 Summon Small Mammal      Summ           8%         N/A       19%         1
 Spider Form              Tmut/Pois      7%         N/A       30%         3
 Call Canine Familiar     Summ           2%         N/A       50%         3
 Confusing Touch          Hex            2%         N/A       50%         3
 Summon Guardian Golem    Hex/Summ       2%         N/A       50%         3
 Vampiric Draining        Necr           2%         2d6       50%         3
 Ice Form                 Ice/Tmut       7%         N/A       71%         4


Dungeon Overview and Level Annotations

Branches:
Dungeon (3/15)

Altars:
Yredelemnul


Innate Abilities, Weirdness & Mutations

Your plain brown scales are hard. (AC +5)
You cannot fit into any form of body armour.
You are cold-blooded and may be slowed by cold attacks.


Message History

The orc wizard points at you and mumbles some strange words.
You are more confused.
You bump into the rock wall.
The orc wizard hits you with a +0 dagger.
You're too confused to move!
The orc wizard completely misses you.
You're too confused to cast spells.
Sorry, you're not good enough to have a special ability.
You bump into the rock wall.
The orc wizard hits you but does no damage.
The orc priest invokes the aid of Beogh against you.
Beogh smites you!
You barely miss the orc wizard.
The orc wizard hits you with a +0 dagger.
You bump into the rock wall.
The orc wizard points at you and mumbles some strange words.
The puff of flame hits you!
The orc priest mumbles some strange prayers to Beogh against you.
Beogh smites you!
* * * LOW HITPOINT WARNING * * *
You hear a shout!
Unknown command.
Unknown command.
You aren't carrying any potions.
You are too confused!
You bump into the rock wall.
The orc priest casts a cantrip, but nothing happens.
The orc wizard hits you but does no damage.
You miss the orc wizard. The orc wizard completely misses you.
You're too confused to move!
You feel less confused.
The orc wizard hits you but does no damage.
You hit the orc wizard.
Your tail-slap misses the orc wizard.
The orc wizard is moderately wounded.
The orc wizard closely misses you.
A kobold comes into view. It is wielding a +0 club.
You punch the orc wizard!
The orc wizard is almost dead.
The orc priest invokes the aid of Beogh against you.
Beogh smites you!
You die...

.###.#.#.......#.........
..................###<##.
.#########...###..######.#
.# #.####..........# ##
######.####..#########
#............#
#.##########.# # #.# #.#
#####.### #@# ........#
#o# #####.#.# #o# #.#...
#.# #.# ##.#


oo# #.# .. K.. ... # ...# #.. ##.# ### ... You could see 2 orc priests, an orc
wizard, an orc and a kobold.

Vanquished Creatures
  An orc priest (D:3)
  A howler monkey zombie (D:3)
  Robin (D:2)
  An adder (D:3)
  3 adder zombies (D:3)
  A worm (D:2)
  2 dart slugs (D:1)
  4 orcs (D:3)
  15 ball pythons
  6 endoplasms
  3 giant cockroaches (D:1)
  8 goblins
  6 hobgoblins
  6 quokkas
  3 bats (D:1)
  4 frilled lizards
  6 kobolds
  3 rats
74 creatures vanquished.

Notes
Turn   | Place    | Note
-------+----------+-------------------------------------------
     0 | D:1      | runemasterragnar the Draconian Transmuter began the quest
                  | for the Orb.
     0 | D:1      | Reached XP level 1. HP: 16/16 MP: 3/3
   151 | D:1      | Reached XP level 2. HP: 23/23 MP: 3/5
   410 | D:1      | Reached XP level 3. HP: 25/29 MP: 4/6
  1774 | D:2      | Noticed Robin
  1797 | D:2      | Learned a level 2 spell: Wereblood
  1801 | D:2      | Reached XP level 4. HP: 36/36 MP: 4/7
  1812 | D:2      | Killed Robin
  2322 | D:3      | Found a basalt altar of Yredelemnul.
  2437 | D:3      | Reached XP level 5. HP: 19/42 MP: 9/9
  3254 | D:3      | HP: 2/42 [orc priest/divine providence (15)]
  3260 | D:3      | Killed from afar by an orc priest

Illustrated notes

Levels and vault maps discovered:
D:1:      erik_arrival_cave_to_civilisation [erik_arrival_cave_to_hall],
          layout_basic
D:2:      layout_basic, uniq_robin
D:3:      cheibrodos_pilgrimage, layout_basic, nicolae_yredelemnul_corpse_copse,
          minmay_misc_feat_columns

Skill      XL: |  1  2  3  4  5 |
---------------+----------------+-----
Dodging        | 2 |  2.5
Fighting       | 2 |  2.5
Transmutations | 3 |  3.0
Unarmed Combat | |  3.7
Spellcasting   | |  2.8

Action                   |  1- 3 |  4- 6 || total
-------------------------+-------+-------++-------
Melee: Unarmed           |   138 |    75 ||   213
       Kick              |    22 |    16 ||    38
       Headbutt          |    19 |     9 ||    28
       Tailslap          |     6 |     8 ||    14
       Punch             |       |     1 ||     1
 Cast: Beastly Appendage |    43 |    11 ||    54
       Wereblood         |     1 |     1 ||     2
  Use: Potion            |       |     4 ||     4
 Stab: Sleeping          |     1 |       ||     1
Armor: Skin              |    43 |    19 ||    62
Dodge: Dodged            |    87 |    36 ||   123
